Map: Moondance

Players

Zoun

  • Race: Protoss Protoss
  • Spawn Location: 12:00

PtitDrogo - Winner!

  • Race: Protoss Protoss
  • Spawn Location: 6:00

Event: DreamHack SC2 Masters 2022 Atlanta (Offline)

VOD

Have the link to the VOD?

Description

Time

  • Played on: Nov. 18, 2022, 3:08 p.m.
  • Length: 7:32

All games in this series

Show
View Real Time Build Order
Export as new Build Order

Zoun Protoss 

Build Orders: Oracle Opening 

Get SALT Encoding   

  12  0:00  Probe  
  13  0:12  Probe  
  14  0:17  Pylon  
  14  0:24  Probe (Chrono Boost)  
  15  0:36  Gateway, Probe (Chrono Boost)  
  16  0:44  Probe (Chrono Boost)  
  16  0:45  Assimilator  
  17  0:51  Probe  
  17  0:56  Assimilator  
  18  1:03  Probe (Chrono Boost)  
  19  1:08  Gateway  
  19  1:13  Probe (Chrono Boost)  
  19  1:18  Probe (Chrono Boost)  
  20  1:24  Cybernetics Core  
  21  1:29  Probe  
  22  1:35  Pylon  
  22  1:41  Probe  
  23  1:53  Probe  
  24  2:01  Adept, Stalker  
  24  2:03  Warp Gate  
  24  2:05  Probe  
  29  2:11  Pylon  
  29  2:21  Stargate  
  29  2:27  Pylon  
  29  2:42  Stalker x2  
  33  3:01  Nexus  
  31  3:08  Shield Battery  
  31  3:16  Stalker (Chrono Boost)  
  33  3:30  Oracle (Chrono Boost)  
  34  3:45  Probe  
  35  3:50  Twilight Council  
  35  3:53  Pylon  
  35  4:03  Probe  
  36  4:15  Probe (Chrono Boost)  
  36  4:16  Probe (Chrono Boost)  
  38  4:19  Stalker x2  
  42  4:26  Blink (Chrono Boost)  
  42  4:27  Probe (Chrono Boost)  
  42  4:30  Probe (Chrono Boost)  
  44  4:35  Probe (Chrono Boost)  
  44  4:37  Probe  
  46  4:46  Probe  
  46  4:50  Sentry  
  46  4:51  Stalker  
  51  4:58  Probe, Pylon  
  52  5:01  Probe  
  52  5:06  Gateway  
  51  5:12  Probe  
  52  5:16  Sentry  
  52  5:18  Probe, Gateway  
  52  5:21  Stalker, Pylon  
  58  5:28  Probe  
  58  5:32  Probe, Assimilator  
  59  5:40  Probe  
  60  5:45  Stalker x2  
  60  5:49  Probe  
  65  5:57  Nexus  
  65  5:59  Pylon  
  65  6:06  Probe x2  
  65  6:11  Sentry, Stalker x2  
  69  6:15  Stalker  
  75  6:19  Probe  
  75  6:20  Probe  
  77  6:28  Forge  
  69  6:44  Probe  
  61  6:50  Probe  
  56  6:56  Probe  
  43  7:01  Stalker x2  
  43  7:02  Probe  
  45  7:08  Probe  
  45  7:10  Probe  
  46  7:17  Probe  
  47  7:24  Stalker  
  47  7:26  Stalker  
Show
View Real Time Build Order
Export as new Build Order

PtitDrogo Protoss - Winner!

Build Orders:  

Get SALT Encoding   

  12  0:00  Probe  
  13  0:12  Probe  
  14  0:17  Pylon  
  14  0:24  Probe (Chrono Boost)  
  15  0:36  Probe (Chrono Boost)  
  15  0:38  Gateway  
  16  0:45  Probe (Chrono Boost)  
  16  0:46  Assimilator  
  17  0:51  Probe  
  17  0:54  Assimilator  
  18  1:03  Probe (Chrono Boost)  
  19  1:10  Gateway  
  19  1:13  Probe (Chrono Boost)  
  19  1:18  Probe (Chrono Boost)  
  20  1:25  Cybernetics Core  
  21  1:29  Probe  
  22  1:35  Pylon  
  22  1:41  Probe  
  23  1:53  Probe  
  24  1:59  Warp Gate (Chrono Boost)  
  24  2:01  Stalker x2  
  28  2:12  Pylon  
  28  2:28  Probe  
  29  2:31  Stalker x2  
  33  2:52  Nexus  
  33  2:54  Probe  
  34  3:05  Sentry x2  
  38  3:07  Probe  
  37  3:19  Probe  
  36  3:32  Probe  
  37  3:39  Stalker  
  39  3:46  Probe  
  39  3:47  Pylon  
  38  3:50  Shield Battery  
  38  3:58  Probe (Chrono Boost)  
  38  4:00  Twilight Council  
  39  4:05  Probe (Chrono Boost)  
  41  4:11  Probe (Chrono Boost)  
  41  4:15  Probe (Chrono Boost)  
  41  4:16  Probe (Chrono Boost)  
  42  4:23  Probe  
  44  4:26  Probe  
  44  4:29  Stalker x2  
  49  4:35  Probe  
  49  4:36  Blink (Chrono Boost)  
  50  4:38  Probe  
  50  4:49  Dark Shrine  
  50  4:50  Probe  
  50  5:01  Probe  
  50  5:02  Probe  
  50  5:06  Stalker  
  54  5:07  Stalker  
  54  5:13  Assimilator  
  57  5:14  Pylon  
  57  5:15  Probe (Chrono Boost)  
  57  5:19  Probe (Chrono Boost)  
  58  5:24  Probe (Chrono Boost)  
  58  5:27  Probe (Chrono Boost)  
  60  5:29  Probe (Chrono Boost)  
  61  5:38  Probe  
  61  5:39  Gateway  
  62  5:43  Nexus  
  62  5:45  Probe  
  62  5:49  Shield Battery  
  63  5:54  Probe  
  64  6:00  Dark Templar x2  
  69  6:04  Probe  
  69  6:06  Pylon  
  69  6:12  Pylon  
  69  6:22  Probe  
  69  6:24  Probe  
  67  6:34  Dark Templar x3  
  67  6:38  Probe  
  74  6:41  Probe  
  75  6:50  Probe  
  75  6:53  Probe  
  75  6:56  Probe  
  74  7:02  Probe  
  74  7:05  Robotics Facility, Probe  
  76  7:08  Probe  
  76  7:14  Probe  
  76  7:15  Stalker x3  
  84  7:17  Probe  
  84  7:20  Probe  
  84  7:27  Gateway  
  84  7:29  Gateway  
  84  7:32  Gateway  
Tags
 
Add a new tag
Caveats
  • Supply blocks, unpowered buildings, or Contaminate may cause inaccurate times.
  • Supply counts are checked every 10 seconds.